Unix NetHack Version 3.7.0-88 Work-in-progress - last build Aug 21 2023 04:08:40 (b68ccb3e4f8f5dcb83e1e40b1ff56e7dffd4cd28,branch:master). Game began 2023-09-01 09:43:33, ended 2023-09-01 10:57:31. MargeBouvier, chaotic female human Rogue --------------- #####-.............| ------- ## |.............| ----------- |.....| # ---.-----.----- ------ |.........| ##......| # # ## #q@...| |..........# # |`....-### # #####|.._.| |.........|#### -.-|--- # # |....| ----.------## # # ## # --.--- ### #### # # # # ## )########## # ## # # # # # --|----------- # # ###### # # # ---|--- |.............###### # # ## -.----|------ # |.....| |............| # # ## |...........|## |.....| |.............## # -----|----.---- # |............# |.....| |...{........| # |.>...........| # |...........| |.<...| -------------- # |.............|## ------------- ------- ##..............|# |..............# --------------- MargeBouvier the Cutpurse St:14 Dx:18 Co:16 In:8 Wi:9 Ch:9 Chaotic Dlvl:4 $:0 HP:0(32) Pw:9(9) AC:4 Exp:4 T:3612 Burdened Latest messages: The hobbit picks up a blessed dagger. You kill the hobbit! You have a little trouble lifting b - a blessed dagger. You hit the garter snake. You miss the garter snake. The garter snake misses! You hit the garter snake. You miss the garter snake. The garter snake bites! You miss the garter snake. You hit the garter snake. The garter snake bites! You hit the garter snake. The garter snake turns to flee. You miss the garter snake. The fox misses! You miss the fox. You miss the fox. The fox misses! # There is a hobbit corpse here; sacrifice it? [ynq] (n) Your sacrifice is consumed in a burst of flame! The fox bites! You hit the fox. You miss the fox. The fox just misses! The fox bites! You miss the fox. You hit the fox. The fox misses! The fox misses! You kill the fox! You see here an uncursed dagger. You have a little trouble lifting o - an uncursed dagger (at the ready) (6 in total). What do you want to use or apply? [fpwxU or ?*] You have a little trouble removing O - a scroll labeled NR 9. A scroll labeled NR 9 lands on the altar. You have a little trouble lifting O - an uncursed scroll labeled NR 9. Moving the altar would be a very bad idea. What do you want to use or apply? [fpwxU or ?*] What do you want to stash? [a-cfhikmotv-xzALORSUV or ?*] You put an uncursed scroll labeled NR 9 into the sack. The rothe hits! The rothe bites! The rothe bites again! The rothe hits! The rothe just misses! The rothe bites! You die... Do you want your possessions identified? [ynq] (y) Inventory: Weapons b - a blessed +2 dagger o - 6 +0 daggers (at the ready) L - 7 +0 daggers (wielded in right hand) a - a very corroded +0 short sword (wielded in left hand) Armor h - an uncursed +0 orcish helm (being worn) i - an uncursed +0 orcish helm m - an uncursed corroded +2 orcish helm V - a cursed +0 orcish helm v - an uncursed +0 pair of iron shoes R - an uncursed +0 pair of iron shoes (being worn) z - a cursed -1 pair of iron shoes k - an uncursed +0 dwarvish cloak t - an uncursed +0 dwarvish cloak A - an uncursed +0 dwarvish cloak S - an uncursed +0 dwarvish cloak c - an uncursed +1 leather armor (being worn) Tools p - an uncursed sack containing 26 items U - an uncursed brass lantern x - an uncursed lock pick w - a cursed magic whistle f - a +0 pick-axe Contents of the sack: 177 gold pieces 3 cursed poisoned +0 crossbow bolts 2 uncursed slime molds an uncursed food ration 2 uncursed lembas wafers an uncursed tripe ration an uncursed scroll of enchant weapon an uncursed scroll of fire an uncursed scroll of teleportation a blessed scroll of enchant armor an uncursed scroll of create monster a blessed scroll of identify an uncursed scroll of identify a potion of holy water a cursed potion of object detection an uncursed potion of booze an uncursed potion of speed an uncursed potion of gain ability a blessed potion of oil an uncursed potion of confusion an uncursed potion of sickness a wand of probing (0:6) a blessed tallow candle a +0 pick-axe an uncursed agate stone 2 uncursed worthless pieces of yellow glass MargeBouvier the Rogue's attributes: Background: You were a Cutpurse, a level 4 female human Rogue. You were chaotic, on a mission for Kos who was opposed by Issek (lawful) and Mog (neutral). You were in the Dungeons of Doom, on level 4. You entered the dungeon 3612 turns ago. There was a full moon in effect when your adventure ended. You had 140 experience points, 20 more were needed to attain level 5. Basics: You had 0 out of 32 hit points. You had all 9 energy points (spell power). Your armor class was 4. Your wallet was empty, but you had 177 zorkmids stashed away in your pack. Autopickup was off. Final Characteristics: Your strength was 14 (peak:17, limit:18/100). Your dexterity was 18 (limit:18). Your constitution was 16 (limit:18). Your intelligence was 8 (limit:18). Your wisdom was 9 (limit:18). Your charisma was 9 (limit:18). Final Status: You were not hungry. You were burdened; movement was slightly slowed. You were wielding two weapons at once. Your skill in dagger was limited by being unskilled with two weapons. Your skill in short sword was also limited by being unskilled with two weapons. You could have enhanced skill with two weapons. Final Attributes: You were piously aligned. You were telepathic. You were stealthy. You were warded. You were lucky. You are dead. Miscellaneous: You never encountered a bones level. Total elapsed playing time was 16 minutes and 52 seconds. Major events: Turn 1: MargeBouvier the chaotic female human Rogue entered the dungeon 806: entered the Gnomish Mines 928: attained the rank of Cutpurse (level 3) 3612: killed by a rothe Vanquished creatures: a water nymph 2 Mordor orcs a gnomish wizard a ghoul a straw golem a baby crocodile 2 floating eyes 4 dwarves a homunculus a giant bat a dwarf zombie 2 iguanas 3 acid blobs a hobbit a large kobold 2 hobgoblins 4 giant rats 2 cave spiders a brown mold 5 gnomes a garter snake a gnome zombie 7 geckos 9 jackals 2 foxes 5 goblins a bat 2 lichens 6 newts 71 creatures vanquished. No species were genocided or became extinct. Voluntary challenges: You read items or engraved 11 times. You engraved Elbereth 6 times. You never genocided any monsters. You never polymorphed an object. You never changed form. You used no wishes. Achievements: You entered the Gnomish Mines. You attained the rank of Cutpurse. The Dungeons of Doom: levels 1 to 7 Level 1: A fountain. Level 2: A fountain. Stairs down to The Gnomish Mines. Level 3: A fountain, a sink. Level 4: <- You were here. An altar to Kos, a fountain. Final resting place for you, killed by a rothe. Level 5: Level 6: An altar, some fountains. Level 7: The Gnomish Mines: Level 3: Game over: ---------- / \ / REST \ / IN \ / PEACE \ / \ | MargeBouvier | | 177 Au | | killed by a | | rothe | | | | | | 2023 | *| * * * | * _________)/\\_//(\/(/\)/\//\/|_)_______ Goodbye MargeBouvier the Rogue... You died in The Dungeons of Doom on dungeon level 4 with 1020 points, and 177 pieces of gold, after 3612 moves. You were level 4 with a maximum of 32 hit points when you died.